 Dungeon Crawl Stone Soup version 0.30-b1-2-g02819fbbbe (webtiles) character file.

Game seed: 2465290090736078131

87 Galthrax the Ogre Mage (level 4, 0/44 HPs)
             Began as an Ogre Fire Elementalist on May 20, 2023.
             Was an Initiate of Gozag.
             Slain by an adder (3 damage)
             ... on level 3 of the Dungeon.
             The game lasted 00:04:30 (1722 turns).

Galthrax the Ogre Mage (Ogre Fire Elementalist)     Turns: 1722, Time: 00:04:30

Health: 0/44       AC:  3    Str: 12    XL:     4   Next: 51%
Magic:  2/9        EV: 10    Int: 18    God:    Gozag
Gold:   117        SH:  0    Dex:  9    Spells: 7/10 levels left

rFire   . . .        e - +0 trident
rCold   . . .        (no shield)
rNeg    . . .        a - +0 robe
rPois   .            (helmet restricted)
rElec   .            (no cloak)
rCorr   .            (gloves unavailable)
SInv    .            (boots unavailable)
Will    .....        (no amulet)
Stlth   +            (no ring)
HPRegen 0.27/turn    (no ring)
MPRegen 0.11/turn

%: no passive effects
@: lethally poisoned (0 -> -2), gold aura
A: large, unfitting armour, tough skin 1
a: Renounce Religion, Potion Petition, Call Merchant, Bribe Branch


You were on level 3 of the Dungeon.
You worshipped Gozag.
Gozag was aware of your devotion.
You visited 1 branch of the dungeon, and saw 3 of its levels.

You collected 153 gold pieces.
You paid 36 gold pieces to Gozag.


Innate Abilities, Weirdness & Mutations

You are too large for most types of armour.
You have tough skin. (AC +1)


   Skills:
 + Level 2.8 Fighting
 + Level 2.7 Dodging
 - Level 1.4 Stealth
 + Level 3.6 Spellcasting
 - Level 0.8 Conjurations
 - Level 2.6 Fire Magic


You had 7 spell levels left.
You knew the following spells:

 Your Spells              Type           Power      Damage    Failure   Level
f - Foxfire               Conj/Fire      36%        2x1d5     8%          1
X - Scorch                Fire           24%        2d6       8%          2

Your spell library contained the following spells:

 Spells                   Type           Power      Damage    Failure   Level
 Inner Flame              Hex/Fire       8%         N/A       26%         3
 Volatile Blastmotes      Fire/Tloc      16%        2d11      26%         3
 Ignite Poison            Fire/Tmut/Pois 6%         N/A       32%         3
 Stone Arrow              Conj/Erth      8%         3d7       36%         3
 Flame Wave               Conj/Fire      9%         2d6       58%         4
 Sticky Flame             Conj/Fire      9%         2d3       58%         4
 Animate Armour           Summ/Erth      6%         N/A       83%         4
 Ignition                 Fire           6%         3d4       100%        8
 Lehudib's Crystal Spear  Conj/Erth      2%         10d2      100%        8

Inventory:

Hand Weapons
 e - a +0 trident (weapon)
   (You found it on level 1 of the Dungeon)
Missiles
 g - 22 stones
 h - 7 poisoned darts
 m - a throwing net {=f!f}
Armour
 a - a +0 robe (worn)
Scrolls
 d - a scroll of poison {!r}
 l - a scroll of identify {@r1}
 n - a scroll of blinking {!r}
Potions
 b - a potion of magic
 c - a potion of flight {unknown}
 f - a potion of cancellation {unknown}
 i - a potion of lignification {unknown}
 j - 2 potions of degeneration {unknown}
 k - a potion of might {unknown}

Dungeon Overview and Level Annotations

Branches:
Dungeon (3/15) Zot: 16245

Altars:
Gozag

Shops:
D:2

* $ #.......####
........##.##........
#^...#..##.##..#.##.#
#.......##.##....#
#...)..........#.#
#.........##..## .#
###..............# ##
...............##.#
#....@$.......###
#......S.##.#...#
##.......#..#......
#K..$#....#.##J.....#
............ ...#####
.........### #..#
.........# ..#
.........# $


You could see an adder and a kobold.


Message History

An endoplasm comes into view.
The adder misses you.
You barely miss the adder.
You hear the slow rusting of a drain nearby.
The adder bites you.
You are poisoned.
The adder poisons you!
The adder bites you but does no damage. 😕 HP[-1]
You take 1 damage, and now have 42/44 hp.
You miss the adder.
You feel sick. The adder bites you. The endoplasm freezes you.
You are frozen. 😕 HP[-6]
You take 6 damage, and now have 36/44 hp.
You closely miss the adder.
You feel sick. The adder bites you.
You are more poisoned.
The adder poisons you!
The endoplasm hits you but does no damage.
The adder bites you but does no damage. 😮 HP[-3]
You take 3 damage, and now have 33/44 hp.
You hit the endoplasm.
You feel sick. The adder bites you.
You are more poisoned.
The adder poisons you! The endoplasm barely misses you. The adder bites you.
The endoplasm hits you. 😮 HP[-8]
You take 8 damage, and now have 25/44 hp.
Casting: Scorch (safe; 8% risk of failure)
Confirm with . or Enter, or press ? or * to list all spells.
Flames lash the adder.
The adder's fire resistance burns away.
You feel sick.
The endoplasm quivers.
The adder bites you.
* * * LOW HITPOINT WARNING * * *
The endoplasm freezes you.
You are frozen.
* * * LOW HITPOINT WARNING * * *
😨 HP[-9] MP[-2]
You take 9 damage, and now have 16/44 hp.
MASSIVE DAMAGE!! (PAUSE)
You lost 2 mp, and now have 7/9 mp.
Casting: Scorch (safe; 8% risk of failure)
Confirm with . or Enter, or press ? or * to list all spells.
Flames lash the adder.
The adder is burned terribly!
You feel sick. The adder bites you.
* * * LOW HITPOINT WARNING * * *
The endoplasm barely misses you. 😨 HP[-3] MP[-2]
You take 3 damage, and now have 13/44 hp.
You lost 2 mp, and now have 5/9 mp.
You closely miss the adder.
You feel sick. The adder bites you.
* * * LOW HITPOINT WARNING * * *
You are more poisoned.
The adder poisons you! The adder bites you but does no damage.
The endoplasm closely misses you. 😱 HP[-2]
You take 2 damage, and now have 11/44 hp.
Okay, then.
Casting: Scorch (safe; 8% risk of failure)
Confirm with . or Enter, or press ? or * to list all spells.
Flames lash the endoplasm.
You kill the endoplasm!
* * * LOW HITPOINT WARNING * * *
You feel sick.
The adder barely misses you. 😱 HP[-2] MP[-2]
You take 2 damage, and now have 9/44 hp.
You lost 2 mp, and now have 3/9 mp.
Casting: Scorch (safe; 8% risk of failure)
Confirm with . or Enter, or press ? or * to list all spells.
Flames lash the endoplasm.
You kill the endoplasm!
* * * LOW HITPOINT WARNING * * *
You feel sick.
You hear a shout!
The adder misses you.
The adder is distracted by your dazzling golden aura. 😱 HP[-2] MP[-2]
You take 2 damage, and now have 7/44 hp.
You lost 2 mp, and now have 1/9 mp.
You miss the adder.
The adder is no longer distracted by gold.
The adder hisses angrily.
* * * LOW HITPOINT WARNING * * *
You feel sick. The adder barely misses you.
The adder bites you but does no damage. 😱 HP[-1]
You take 1 damage, and now have 6/44 hp.
You closely miss the adder.
* * * LOW HITPOINT WARNING * * *
You feel sick. The adder barely misses you. 😱 HP[-2]
You take 2 damage, and now have 4/44 hp.
You miss the adder.
* * * LOW HITPOINT WARNING * * *
You feel sick.
The adder is no longer more vulnerable to fire.
The adder bites you but does no damage.
A kobold comes into view. It is wielding a +0 club.
The adder bites you.
You die...
Your body crumbles into a pile of gold.

Skill      XL: |  1  2  3 |
---------------+----------+-----
Dodging        | 2 |  2.7
Fighting       | 1 2 |  2.8
Spellcasting   | 3 |  3.6
Stealth        | |  1.4
Conjurations   | |  0.8
Fire Magic     | |  2.6

Action                     |  1- 3 |  4- 6 || total
---------------------------+-------+-------++-------
  Melee: Trident           |    57 |    51 ||   108
   Cast: Foxfire           |    38 |     4 ||    42
         Scorch            |     1 |     6 ||     7
    Use: Scroll            |     3 |     3 ||     6
   Stab: Sleeping          |     6 |       ||     6
 Armour: Robe              |    16 |    13 ||    29
  Dodge: Dodged            |    27 |    38 ||    65

Levels and vault maps discovered:
D:1:      dpeg_arrival_chambers_temple_mockup, layout_rooms, minmay_domino_4
D:2:      layout_basic, serial_shops, shop, basic_altar
D:3:      layout_loops_cross, portal_sewer_entry_d,
          hellmonk_ecumenical_altar_crossroads, minmay_circle_x

Notes
Turn   | Place    | Note
-------+----------+-------------------------------------------
     0 | D:1      | Galthrax the Ogre Fire Elementalist began the quest for the
                  | Orb.
     0 | D:1      | Reached XP level 1. HP: 16/16 MP: 3/3
     0 | D:1      | magus.rc [v1.11.6]
    84 | D:1      | Reached skill level 2 in Dodging
   132 | D:1      | Reached skill level 1 in Fighting
   132 | D:1      | Reached XP level 2. HP: 27/27 MP: 2/5
   651 | D:1      | Reached skill level 3 in Spellcasting
   654 | D:1      | Reached XP level 3. HP: 28/35 MP: 3/7
   838 | D:2      | Learned a level 2 spell: Scorch
   841 | D:2      | Found an opulent altar of Gozag.
   845 | D:2      | Reached skill level 2 in Fighting
  1076 | D:2      | You add the spells Ignite Poison, Sticky Flame and Ignition
                  | to your library.
  1213 | D:2      | Reached XP level 4. HP: 34/44 MP: 2/9
  1276 | D:2      | You add the spells Stone Arrow, Animate Armour and
                  | Lehudib's Crystal Spear to your library.
  1429 | D:2      | Found Woul's General Store.
  1598 | D:2      | Became a worshipper of Gozag Ym Sagoz the Greedy
  1717 | D:3      | HP: 11/44 [adder (1)]
  1721 | D:3      | HP: 4/44 [poisoned by an adder]
  1722 | D:3      | Slain by an adder

Vanquished Creatures
  4 adders
  A worm (D:2)
  2 dart slugs
  An orc (D:3)
  A bat (D:1)
  2 endoplasms (D:3)
  2 giant cockroaches (D:1)
  8 goblins
  6 hobgoblins
  3 quokkas (D:1)
  2 ball pythons
  3 frilled lizards
  8 kobolds
43 creatures vanquished.

Vanquished Creatures (others)
  70 foxfires
70 creatures vanquished.

Grand Total: 113 creatures vanquished

Table legend:
 A = Non-vault XP
 B = Vault XP
 C = Vault XP percentage of total XP
 D = Non-vault monster count
 E = Vault monster count
 F = Vault count percentage of total count
                 A         B        C        D         E       F
            +---------+---------+-------+---------+---------+-------
      Total |     120 |       5 |   4.0 |      40 |       3 |   7.0
            +---------+---------+-------+---------+---------+-------
        D:1 |      35 |       5 |  12.5 |      19 |       3 |  13.6
        D:2 |      63 |       0 |   0.0 |      16 |       0 |   0.0
        D:3 |      22 |       0 |   0.0 |       5 |       0 |   0.0
            +---------+---------+-------+---------+---------+-------

Skill      XL: |  1  2  3 |
---------------+----------+-----
Dodging        | 2 |  2.7
Fighting       | 1 2 |  2.8
Spellcasting   | 3 |  3.6
Stealth        | |  1.4
Conjurations   | |  0.8
Fire Magic     | |  2.6

Action                     |  1- 3 |  4- 6 || total
---------------------------+-------+-------++-------
  Melee: Trident           |    57 |    51 ||   108
   Cast: Foxfire           |    38 |     4 ||    42
         Scorch            |     1 |     6 ||     7
    Use: Scroll            |     3 |     3 ||     6
   Stab: Sleeping          |     6 |       ||     6
 Armour: Robe              |    16 |    13 ||    29
  Dodge: Dodged            |    27 |    38 ||    65

Illustrated notes

Table legend:
 A = Kills in this place as a percentage of kills in the entire game.
 B = Kills by you in this place as a percentage of kills by you in the entire game.
 C = Kills by friends in this place as a percentage of kills by friends in the entire game.
 D = Other kills in this place as a percentage of other kills in the entire game.
 E = Experience gained in this place as a percentage of experience gained in the entire game.
 F = Experience gained in this place divided by the number of levels of this place that you have seen.
                   A       B       C       D       E      F
               +-------+-------+-------+-------+-------+----------------------
         Total | 100.0 | 100.0 |   N/A |   N/A | 100.0 |  41.7
       Dungeon | 100.0 | 100.0 |   N/A |   N/A | 100.0 |  41.7
               +-------+-------+-------+-------+-------+----------------------

Table legend: (Time is in decaauts)
 A = Elapsed time spent in this place.
 B = Non-inter-level travel time spent in this place.
 C = Inter-level travel time spent in this place.
 D = Time resting spent in this place.
 E = Time spent auto-exploring this place.
 F = Levels seen in this place.
 G = Mean time per level.
                   A        B        C        D        E       F      G
               +--------+--------+--------+--------+--------+-----+--------+
         Total |   1753 |   1720 |     33 |      0 |   1351 |   3 |  584.3 |
       Dungeon |   1753 |   1720 |     33 |      0 |   1351 |   3 |  584.3 |
               +--------+--------+--------+--------+--------+-----+--------+

Top non-repeatable levels by time:
     D:1: 840 daAuts
     D:2: 799 daAuts
     D:3: 113 daAuts
